 Dungeon Crawl Stone Soup version 0.32-a0-673-g3729bd50f8 (webtiles) character file.

Game seed: 3619032286627285886

137902 ezpacito the Cleaver (level 17, 0/135 HPs)
             Began as a Coglin Chaos Knight on Mar 10, 2024.
             Was a Plaything of Xom.
             Slain by a fenstrider witch (8 damage)
             ... on level 2 of the Swamp.
             The game lasted 00:46:57 (22300 turns).

ezpacito the Cleaver (Coglin Chaos Knight)         Turns: 22300, Time: 00:46:58

Health: 0/135      AC: 32    Str: 22    XL:     17   Next: 25%
Magic:  27/27      EV: 11    Int: 12    God:    Xom [...*..]
Gold:   638        SH:  0    Dex: 14    Spells: 3/29 levels left

rFire   + . .        a - +5 hand axe (chaos) {Luis}
rCold   + + .        y - +2 spear (distort) {Ingrid}
rNeg    . . .        n - +5 plate armour of Negation {SInv}
rPois   +            o - +0 helmet
rElec   .            r - +2 cloak {Stlth+}
rCorr   +            e - +2 pair of gloves
SInv    +            v - +2 pair of boots
Will    ++...        (amulet unavailable) Stlth
                     (ring unavailable)
HPRegen 0.42/turn    (ring unavailable)
MPRegen 0.20/turn    k - cryowhirligig NW-90 {RevParry, rPois rCorr Slay+3}

%: no passive effects
@: no status effects
A: off-hand wielding, slow wielding, warmup strikes, no jewellery, cold
resistance 2, fire resistance 1, strong-willed 1, mutation resistance 1, passive
freeze, sense surroundings 1, strong 1, wild magic 1, inability to drink after
injury 1
a: Renounce Religion


You were on level 2 of the Swamp.
You worshipped Xom.
You were a favourite toy of Xom.
You visited 4 branches of the dungeon, and saw 23 of its levels.
You also visited: Sewer.

You collected 1513 gold pieces.
You spent 875 gold pieces at shops.

Inventory:

Hand Weapons
 a - a +5 hand axe of chaos (weapon) {Luis}
 h - a +4 spear
 s - a +1 broad axe of venom
 y - a +2 spear of distortion (offhand) {Ingrid}
 U - a +0 war axe of flaming
Missiles
 c - 3 throwing nets
 f - 19 curare-tipped darts
 m - 50 poisoned darts (quivered)
 p - 18 boomerangs
 A - 4 javelins
 R - 5 atropa-tipped darts
Armour
 e - a +2 pair of gloves (worn)
 n - the +5 plate armour of Negation (worn) {SInv}
   (You found it on level 1 of the Lair of Beasts)

   SInv:      It lets you see invisible.
 o - a +0 helmet (worn)
 r - a +2 cloak of stealth (worn)
 v - a +2 pair of boots (worn)
Gizmo
 k - a cryowhirligig NW-90 (installed) {RevParry, rPois rCorr Slay+3}
   (You invented it yourself on level 12 of the Dungeon)

   [cryowhirligig NW-90]

   RevParry:  Your AC increases as you Rev (up to +5) and while fully Revved,
   your attacks may disarm enemies.
   Slay+3:    It affects your accuracy & damage with ranged weapons and melee
   (+3).
   rPois:     It protects you from poison.
   rCorr:     It protects you from acid and corrosion.
Wands
 b - a wand of polymorph (10)
 j - a wand of charming (11)
 l - a wand of quicksilver (13)
 q - a wand of mindburst (19)
 x - a wand of warping (14)
 D - a wand of digging (2)
 J - a wand of flame (23)
Scrolls
 d - a scroll of revelation
 i - 10 scrolls of identify
 t - 9 scrolls of teleportation
 w - 5 scrolls of fog
 B - a scroll of blinking
 E - a scroll of noise
 F - 3 scrolls of vulnerability
 L - a scroll of torment
 S - 3 scrolls of amnesia
Potions
 g - 2 potions of mutation
 u - 4 potions of enlightenment
 z - 3 potions of attraction
 G - 3 potions of brilliance
 H - a potion of lignification
 Q - a potion of magic
Miscellaneous
 T - a condenser vane (inert)


   Skills:
 * Level 12.6 Fighting
 * Level 12.6(13.6) Axes
 + Level 7.9(10.8) Polearms
 * Level 11.4 Armour
 * Level 11.4 Dodging
 + Level 7.8 Stealth
 + Level 6.8 Spellcasting
 + Level 5.4 Necromancy
 + Level 5.6 Translocations
 + Level 7.3 Alchemy
 + Level 8.7 Evocations


You had 3 spell levels left.
You knew the following spells:

 Your Spells              Type           Power      Damage    Failure   Level
a - Olgreb's Toxic Radia  Alch           28%        N/A       77%         4
b - Alistair's Intoxicat  Alch           18%        N/A       97%         5
c - Jinxbite              Hex            10%        N/A       98%         2
d - Foxfire               Conj/Fire      20%        2x1d5     94%         1
e - Plasma Beam           Fire/Air       2%         2x1d12    100%        6
f - Petrify               Alch/Erth      16%        N/A       99%         4
g - Apportation           Tloc           46%        N/A       28%         1
h - Teleport Other        Tloc           23%        N/A       61%         3

Your spell library contained the following spells:

 Spells                   Type           Power      Damage    Failure   Level
 Necrotise                Necr           88%        1d8       30%         1
 Lesser Beckoning         Tloc           46%        N/A       38%         2
 Gell's Gravitas          Tloc           23%        N/A       61%         3
 Vampiric Draining        Necr           22%        2d7       63%         3
 Frozen Ramparts          Ice            10%        1d2       100%        3
 Passage of Golubria      Tloc           23%        N/A       93%         4
 Leda's Liquefaction      Alch/Erth      8%         N/A       99%         4
 Martyr's Knell           Necr/Summ      13%        N/A       100%        4
 Curse of Agony           Necr           22%        N/A       100%        5
 Metabolic Englaciation   Hex/Ice        2%         N/A       100%        5
 Silence                  Hex/Air        2%         N/A       100%        5
 Starburst                Conj/Fire      2%         6d3       100%        6
 Ozocubu's Refrigeration  Ice            2%         4d8       100%        7
 Discord                  Hex            2%         N/A       100%        8
 Lehudib's Crystal Spear  Conj/Erth      2%         10d2      100%        8


Dungeon Overview and Level Annotations

Branches:
Dungeon (15/15)            Temple (1/1) D:7            Lair (5/5) D:11
  Swamp (2/4) Lair:3        Snake (0/4) Lair:2        Slime (0/5) Lair:4
    Orc (0/2) D:10         Vaults (0/5) D:13         Depths (0/4) D:15
  Sewer (visited)

Altars:
Ashenzari
Cheibriados
Dithmenos
Elyvilon
Fedhas
Gozag
Hepliaklqana
Kikubaaqudgha
Makhleb
Nemelex Xobeh
Okawaru
Qazlal
Ru
Sif Muna
Trog
Uskayaw
Vehumet
Wu Jian
Xom
Yredelemnul
Zin
The Shining One
Jiyva

Shops:
D:3 (   D:6 ?   D:10 !   D:15 :

Annotations:
D:12 2 runed translucent doors
Abyss:1 Grum, Rupert


Innate Abilities, Weirdness & Mutations

You can wield a second weapon in your off-hand.
It takes a long time for you to wield or remove held weapons.
Your first few attacks do less damage.
You cannot equip rings or amulets.
Your flesh is very cold resistant. (rC++)
Your flesh is heat resistant. (rF+)
You are strong-willed. (Will+)
You are somewhat resistant to further mutation.
A frigid envelope surrounds you and freezes all who hurt you.
You passively map a small area around you.
Your muscles are strong. (Str +4, Int/Dex -1)
Your spells are a little harder to cast, but a little more powerful.
You occasionally lose the ability to drink potions when taking damage.


Message History

You are too injured to fight recklessly!
You are too injured to fight recklessly!
You take 60 damage, and have 63/135 hp.
MASSIVE DAMAGE!!
You are too injured to fight recklessly!
You are too injured to fight recklessly!
You are too injured to fight recklessly!
You are too injured to fight recklessly!
You are too injured to fight recklessly! "Forecast: mostly cloudy."
The fenstrider witch casts a spell at you.
Your body is wracked with pain!
* * * LOW HITPOINT WARNING * * *
The fenstrider witch completely misses you.
The fenstrider witch kicks you but does no damage.
The fenstrider witch is very cold.
The fenstrider witch is lightly wounded.
You take 30 damage, and have 33/135 hp.
MASSIVE DAMAGE!!
Okay, then.
Blink to where?
Press: ? - help, Dir - move target, f - you
Okay, then.
Clouds condense from the air!
The condenser dries out!
The fenstrider witch hits you!
* * * LOW HITPOINT WARNING * * *
The fenstrider witch is very cold.
The fenstrider witch is moderately wounded.
The fenstrider witch kicks you.
* * * LOW HITPOINT WARNING * * *
The fenstrider witch is very cold.
The fenstrider witch is moderately wounded.
You take 17 damage, and have 16/135 hp.
Aiming: Mindburst
Press: ? - help, Shift-Dir - straight line, f - fenstrider witch
Aim: a fenstrider witch, wearing a +0 robe (black smoke, moderately wounded, chance to affect: 26%)
The fenstrider witch easily resists.
The fenstrider witch hits you!
* * * LOW HITPOINT WARNING * * *
The fenstrider witch is very cold.
The fenstrider witch is heavily wounded.
The fenstrider witch kicks you!
You die...

**,,**
**~~,~~~~~~,,**,,,,*
****
♣♣~.~~~~§~~.~),,,,*
♣♣~.~,,.~~~~..~~~~,*
♣~...♣♣♣.~~~~~~~~~,*
♣.....~~...~~~~~~,**
♣.~......~~~~~~~,***
*,.~..§~§§~§~§~~,,~**
****♣.§§§§~~~~~§~~~,**
*♣§@H§...~~~~~~,~*
♣♣§§§~.~~..~~~,****
♣♣§~§~~.~~.~~~***~*
♣♣♣♣~†~~~~....~~~**~,~
♣♣~.♣♣......~..,~~**~,~
♣♣♣
♣~§~.♣..~~~~~~.,,~,*,~~
♣~♣♣
♣.~~~♣♣.~~~~~~.~.~§♣,~~
...♣♣♣♣♣
♣....♣♣.~~~~~~.....♣~,,
~~§..♣~♣♣
♣♣~♣♣....~~~~~~.~~~§**~


You could see a fenstrider witch.

Vanquished Creatures
  Kirke (D:13)
  A frost giant (Swamp:1)
  2 eleionomae (Swamp:1)
  A bunyip (Swamp:2)
  Azrael (D:15)
  3 dire elephants
  Snorg (D:11)
  The ghost of TheSexyCheese the Destroyer, a journeyman GrFE of Vehumet (Lair:3)
  Josephine (D:13)
  An ettin (D:12)
  A shambling mangrove (Swamp:1)
  A rakshasa (D:12)
  3 vault guards (D:13)
  A ghost crab (Swamp:1)
  2 catoblepae (Lair:5)
  An anaconda (Lair:3)
  7 hydras
  4 centaur warriors
  An alligator (Lair:5)
  A death knight (D:12)
  3 two-headed ogres
  Erica (D:8)
  2 boulder beetles (D:15)
  7 death yaks (Lair:5)
  Amaemon (D:8)
  A skeletal warrior (D:13)
  A spectral death yak (Lair:5)
  2 goliath frogs
  A spectral anaconda (Lair:5)
  2 swamp dragons (Swamp:1)
  2 bog bodies (Swamp:1)
  A deep elf pyromancer (D:13)
  3 necromancers (Lair:5)
  2 wolf spiders
  4 ugly things (D:15)
  3 manticores
  3 cyclopes
  3 meliai (D:14)
  Maurice (D:7)
  17 elephants
  4 slime creatures
  An eye of devastation (D:13)
  2 black mambas
  A torpor snail (Lair:3)
  13 cane toads
  An orange demon (D:8)
  Jeremiah (D:7)
  5 gargoyles
  3 rime drakes
  2 unseen horrors
  7 komodo dragons
  A yaktaur (D:12)
  An efreet (D:14)
  A freezing wraith (D:12)
  A queen bee (D:10)
  2 tyrant leeches (Swamp:1)
  A hornet (shapeshifter) (Lair:4)
  6 trolls
  11 hornets
  32 blink frogs
  4 dream sheep
  A spectral elephant (Lair:5)
  Sigmund (D:3)
  10 spriggans
  2 shadows
  An air elemental (D:10)
  5 wyverns
  3 basilisks
  2 hogs (D:13)
  56 yaks
  A water elemental (D:10)
  2 vampires
  4 fire elementals
  3 wraiths
  A warg (shapeshifter) (D:15)
  15 vampire mosquitoes
  A golden eye (Lair:5)
  A redback (D:12)
  3 steam dragons
  A death yak simulacrum (Lair:5)
  4 swamp worms
  3 nagas (Lair:2)
  12 water moccasins
  A hell hound (D:15)
  2 acid dragons
  Duvessa (D:5)
  A black bear (Lair:4)
  2 ice beasts
  4 laughing skulls
  3 orc warriors
  2 elephant zombies (Lair:5)
  6 ogres
  A boggart (Lair:1)
  28 wolves
  5 centaurs
  5 kobold brigands
  2 phantoms
  8 bullfrogs
  An earth elemental (D:10)
  4 gnoll sergeants
  2 scorpions
  4 cane toad simulacra (Lair:5)
  15 wights
  Dowan (D:5)
  4 killer bees (D:9)
  6 howler monkeys
  7 electric eels
  3 bombardier beetles
  5 lava snakes (Lair:1)
  4 jellies
  3 orc priests
  3 gnoll boudas
  7 hounds
  4 iguanas
  2 sleepcaps
  6 orc wizards
  6 hell rats (Lair:5)
  43 gnolls
  12 adders
  4 river rats
  2 shadow imps
  A white imp (D:6)
  An ufetubus (D:6)
  4 ribbon worms
  3 dart slugs
  33 orcs
  17 ball pythons
  6 bats
  17 endoplasms
  5 giant cockroaches
  4 hobgoblins
  17 jackals
  7 kobolds
  4 frilled lizards
  9 goblins
  6 rats
680 creatures vanquished.

Vanquished Creatures (collateral kills)
  An eleionoma (Swamp:2)
  2 death yaks (Lair:5)
  2 goliath frogs (Swamp:2)
  3 elephants
  3 blink frogs (Lair:5)
  A hornet (Swamp:2)
  3 dream sheep (Lair:5)
  2 spriggans (Swamp:2)
  6 yaks
  A water moccasin (Lair:5)
  A wolf (D:5)
  2 kobold brigands (D:10)
  3 gnoll sergeants
  A gnoll bouda (D:5)
  5 gnolls
  4 orcs (D:10)
  A hobgoblin (D:3)
  A kobold (D:3)
42 creatures vanquished.

Vanquished Creatures (others)
  A dancing weapon (Swamp:2)
  A troll (D:12)
  2 bloated husks
  A blink frog (Lair:2)
  A hornet (Swamp:1)
  A yak (Lair:5)
  2 humans (D:13)
  A ribbon worm zombie (Sewer)
  4 foxfires (Lair:3)
14 creatures vanquished.

Grand Total: 736 creatures vanquished

Notes
Turn   | Place    | Note
-------+----------+-------------------------------------------
     0 | D:1      | ezpacito the Coglin Chaos Knight began the quest for the
                  | Orb.
     0 | D:1      | Reached XP level 1. HP: 18/18 MP: 1/1
    18 | D:1      | XOM: divination: magic mapping
    81 | D:1      | Reached skill level 1 in Dodging
    92 | D:1      | XOM: butterfly on damage
   100 | D:1      | Reached XP level 2. HP: 18/24 MP: 2/2
   125 | D:1      | XOM: silly message
   199 | D:1      | XOM: silly message
   445 | D:1      | Reached XP level 3. HP: 24/29 MP: 3/3
   721 | D:1      | XOM: silly message
  1168 | D:2      | Found a faded altar of an unknown god.
  1200 | D:2      | XOM: divination: detect items
  1455 | D:2      | XOM: cast spell 'Fugue of the Fallen'
  1459 | D:2      | Reached XP level 4. HP: 34/35 MP: 4/4
  1723 | D:2      | XOM: silly message
  2019 | D:3      | Reached skill level 1 in Polearms
  2019 | D:3      | XOM: potion effect (invisibility)
  2019 | D:3      | Noticed Sigmund
  2024 | D:3      | Reached skill level 1 in Stealth
  2024 | D:3      | Reached XP level 5. HP: 29/41 MP: 6/6
  2026 | D:3      | Reached skill level 5 in Armour
  2026 | D:3      | Reached skill level 5 in Dodging
  2026 | D:3      | Reached XP level 6. HP: 38/52 MP: 6/10
  2032 | D:3      | Killed Sigmund
  2205 | D:3      | Found a glowing drain.
  2229 | Sewer    | Entered a sewer
  2338 | Sewer    | XOM: cast spell 'Olgreb's Toxic Radiance'
  2345 | Sewer    | Reached XP level 7. HP: 17/59 MP: 11/11
  2504 | Sewer    | XOM: cleaving
  2653 | Sewer    | XOM: smoke on damage
  2654 | Sewer    | XOM: enchant monster (good)
  2656 | Sewer    | Gained mutation: You expend magic power (3 MP) to
                  | strengthen your wands. [potion of mutation]
  2656 | Sewer    | Gained mutation: Your flesh is cold resistant. (rC+)
                  | [potion of mutation]
  2656 | Sewer    | Gained mutation: Your natural rate of healing is unusually
                  | fast. [potion of mutation]
  2656 | Sewer    | Gained mutation: You passively map a small area around you.
                  | [potion of mutation]
  2657 | Sewer    | XOM: chaos upgrade
  2676 | Sewer    | XOM: 1-stop teleportation journey
  2941 | Sewer    | XOM: blink monster(s)
  3278 | D:3      | XOM: 1-stop teleportation journey
  3446 | D:3      | Found Ufemeuh's Weapon Shop.
  3461 | D:3      | Learned a level 4 spell: Olgreb's Toxic Radiance
  3467 | D:3      | Learned a level 5 spell: Alistair's Intoxication
  3469 | D:3      | Learned a level 1 spell: Apportation
  3472 | D:3      | Learned a level 2 spell: Jinxbite
  3491 | D:3      | Reached XP level 8. HP: 37/65 MP: 12/12
  3818 | D:4      | XOM: 1-stop teleportation journey
  4155 | D:4      | Found a shimmering altar of Xom.
  4159 | D:4      | Found a shimmering blue altar of Sif Muna.
  4163 | D:4      | Found a shadowy altar of Dithmenos.
  4324 | D:5      | Entered Level 5 of the Dungeon
  4409 | D:5      | XOM: cast spell 'Fugue of the Fallen'
  4431 | D:5      | Reached XP level 9. HP: 27/71 MP: 14/14
  4440 | D:5      | XOM: scenery: 2 doors close
  4531 | D:5      | XOM: scenery: summon butterflies
  4532 | D:5      | Noticed Duvessa
  4533 | D:5      | Noticed Dowan
  4542 | D:5      | Killed Dowan
  4567 | D:5      | XOM: stat loss: -1 Int (11/12)
  4623 | D:5      | XOM: give mutations
  4623 | D:5      | Gained mutation: You have supernaturally acute eyesight.
                  | (SInv) [Xom's grace]
  4623 | D:5      | Gained mutation: You are robust. (+10% HP) [Xom's grace]
  4709 | D:5      | Killed Duvessa
  4727 | D:5      | XOM: 3-stop teleportation journey
  4866 | D:5      | XOM: give mutations
  4866 | D:5      | Gained mutation: You have hidden genetic potential. [Xom's
                  | grace]
  4866 | D:5      | Gained mutation: Your flesh is heat resistant. (rF+) [Xom's
                  | grace]
  5000 | D:5      | XOM: summons 2 friendly demons
  5021 | D:5      | XOM: scenery: summon butterflies
  5071 | D:5      | XOM: cloud trail
  5130 | D:5      | XOM: scenery: summon butterflies
  5245 | D:5      | XOM: god gift: 3 javelins
  5536 | D:6      | XOM: scenery: 1 doors open
  5672 | D:6      | XOM: 1-stop teleportation journey
  5811 | D:6      | Reached XP level 10. HP: 78/86 MP: 15/15
  6027 | D:6      | XOM: cleaving
  6116 | D:6      | Reached skill level 1 in Evocations
  6323 | D:6      | Found Peub's Magic Scroll Boutique.
  6331 | D:6      | Bought a scroll of enchant weapon for 105 gold pieces
  6331 | D:6      | Bought a scroll of blinking for 105 gold pieces
  6331 | D:6      | Bought a scroll of amnesia for 56 gold pieces
  6331 | D:6      | Bought a scroll of identify for 28 gold pieces
  6331 | D:6      | Bought a scroll of identify for 28 gold pieces
  6331 | D:6      | Bought a scroll of poison for 56 gold pieces
  6568 | D:7      | Gained mutation: Your flesh is very cold resistant. (rC++)
                  | [hidden potential]
  6622 | D:7      | Noticed Maurice
  6632 | D:7      | Maurice stole a +0 vampiric trident
  6638 | D:7      | Noticed Jeremiah
  6643 | D:7      | Killed Maurice
  6644 | D:7      | Reached skill level 1 in Alchemy
  6648 | D:7      | XOM: enchant monster (good)
  6669 | D:7      | XOM: cleaving
  6683 | D:7      | Killed Jeremiah
  6898 | D:7      | XOM: 1-stop teleportation journey
  6904 | D:7      | Found a staircase to the Ecumenical Temple.
  7100 | D:7      | XOM: divination: magic mapping
  7161 | Temple   | Entered the Ecumenical Temple
  7175 | D:8      | XOM: summons 3 friendly demons
  7176 | D:8      | Noticed Amaemon
  7193 | D:8      | XOM: enchant monster (good)
  7194 | D:8      | Killed Amaemon
  7295 | D:8      | Noticed an orange demon
  7296 | D:8      | Noticed Erica
  7300 | D:8      | XOM: noise
  7303 | D:8      | Killed Erica
  7304 | D:8      | Reached XP level 11. HP: 88/94 MP: 2/17
  7307 | D:8      | XOM: enchant monster (bad)
  7415 | D:8      | XOM: god gift: 35 gold pieces
  7465 | D:8      | XOM: blink monster(s)
  7488 | D:8      | Gained mutation: You heal very quickly. [hidden potential]
  7488 | D:8      | Lost mutation: You have hidden genetic potential. [hidden
                  | potential expressed]
  7499 | D:8      | Identified the +5 mace of Terra Nullius {pain, rC- Will+
                  | Int+7 Dex-3}
  7543 | D:8      | XOM: noise
  7570 | D:8      | XOM: 1-stop teleportation journey
  7632 | D:8      | XOM: silly message
  7796 | D:9      | Noticed a two-headed ogre
  7801 | D:9      | XOM: potion effect (haste)
  7803 | D:9      | XOM: divination: detect items
  7811 | D:9      | Killed a two-headed ogre
  7828 | D:9      | XOM: enchant monster (good)
  7831 | D:9      | XOM: divination: detect creatures
  7848 | D:9      | Reached skill level 5 in Polearms
  7967 | D:9      | XOM: give mutation
  7967 | D:9      | Gained mutation: You are somewhat resistant to further
                  | mutation. [Xom's grace]
  7995 | D:9      | XOM: smoke on damage
  7999 | D:9      | Noticed a two-headed ogre
  8016 | D:9      | Killed a two-headed ogre
  8306 | D:9      | Noticed Grum
  8326 | D:9      | Banished Grum
  8522 | D:10     | Entered Level 10 of the Dungeon
  8663 | D:10     | Found a large runed translucent door.
  8663 | D:10     | Found a large runed translucent door.
  8869 | D:10     | XOM: swap monsters
  8878 | D:10     | Reached skill level 5 in Stealth
  8988 | D:10     | Found a staircase to the Orcish Mines.
  9001 | D:10     | XOM: cast spell 'Alistair's Intoxication'
  9005 | D:10     | Reached XP level 12. HP: 98/103 MP: 18/18
  9143 | D:10     | Found Qowyo's Distillery.
  9151 | D:10     | Bought a potion of mutation for 104 gold pieces
  9151 | D:10     | Bought a potion of magic for 104 gold pieces
  9151 | D:10     | Bought a potion of heal wounds for 65 gold pieces
  9380 | D:10     | XOM: give mutations
  9380 | D:10     | Gained mutation: A frigid envelope surrounds you and
                  | freezes all who hurt you. [Xom's grace]
  9380 | D:10     | Gained mutation: You are partially covered in iridescent
                  | scales. (AC +2) [Xom's grace]
  9380 | D:10     | Gained mutation: Your spells are a little harder to cast,
                  | but a little more powerful. [Xom's grace]
  9380 | D:10     | Gained mutation: You are strong-willed. (Will+) [Xom's
                  | grace]
  9500 | D:10     | XOM: fog
  9510 | D:10     | Paralysed by an air elemental for 1 turns
  9548 | D:10     | Learned a level 1 spell: Foxfire
  9555 | D:10     | Learned a level 6 spell: Plasma Beam
  9659 | D:11     | Noticed Snorg
  9670 | D:11     | XOM: give mutations
  9670 | D:11     | Gained mutation: Your spells are harder to cast, but more
                  | powerful. [Xom's grace]
  9670 | D:11     | Gained mutation: Your muscles are strong. (Str +4, Int/Dex
                  | -1) [Xom's grace]
  9681 | D:11     | Killed Snorg
  9794 | D:11     | Noticed a two-headed ogre
  9800 | D:11     | Killed a two-headed ogre
  9922 | D:11     | Found a staircase to the Lair.
  9928 | D:11     | XOM: polymorph basilisk -> howler monkey
 10069 | D:11     | XOM: god gift: staff of alchemy
 10089 | D:11     | XOM: summons 4 hostile demons
 10090 | D:11     | Noticed a soul eater
 10378 | D:11     | XOM: noise
 10446 | D:12     | XOM: summons friendly quasit
 10465 | D:12     | XOM: fog
 10552 | D:12     | Noticed a rakshasa
 10552 | D:12     | XOM: scenery: 3 doors close
 10555 | D:12     | XOM: smoke on damage
 10566 | D:12     | Killed a rakshasa
 10594 | D:12     | Reached skill level 1 in Translocations
 10729 | D:12     | XOM: 1-stop teleportation journey
 10834 | D:12     | XOM: 1-stop teleportation journey
 10877 | D:12     | Found a runed translucent door.
 10878 | D:12     | Found a runed translucent door.
 10879 | D:12     | Noticed an ettin
 10880 | D:12     | Found a runed translucent door.
 10887 | D:12     | Reached skill level 5 in Spellcasting
 10893 | D:12     | Killed an ettin
 10894 | D:12     | Reached skill level 1 in Necromancy
 10894 | D:12     | Reached skill level 5 in Evocations
 10901 | D:12     | XOM: polymorph unseen horror -> dream sheep
 10902 | D:12     | XOM: 3-stop teleportation journey
 10934 | D:12     | Reached XP level 13. HP: 99/111 MP: 20/20
 10941 | D:12     | Reached XP level 14. HP: 118/119 MP: 21/21
 10942 | D:12     | Acquired a cryowhirligig NW-90 {RevParry, rPois rCorr
                  | Slay+3}
 10948 | D:12     | XOM: 9-stop teleportation journey
 10998 | D:12     | Reached skill level 10 in Axes
 11063 | D:12     | XOM: stat loss: -1 Str (21/22)
 11173 | D:12     | XOM: draining
 11178 | D:12     | XOM: potion effect (heal wounds)
 11180 | D:12     | Reached skill level 10 in Fighting
 11479 | D:11     | XOM: cloud trail
 11592 | D:6      | Bought a scroll of poison for 56 gold pieces
 11592 | D:6      | Bought a scroll of teleportation for 42 gold pieces
 11592 | D:6      | Bought a scroll of teleportation for 42 gold pieces
 11592 | D:6      | Bought a scroll of teleportation for 42 gold pieces
 11592 | D:6      | Bought a scroll of teleportation for 42 gold pieces
 11613 | D:7      | XOM: cloud trail
 11715 | D:13     | Noticed Kirke
 11716 | D:13     | XOM: enchant monster (bad)
 11717 | D:13     | XOM: silly message
 11723 | D:13     | Killed Kirke
 12043 | D:13     | Reached skill level 5 in Alchemy
 12058 | D:13     | XOM: polymorph deep elf pyromancer -> eye of devastation
 12059 | D:13     | XOM: noise
 12071 | D:13     | Noticed Josephine
 12097 | D:13     | Killed Josephine
 12108 | D:13     | Found a gate to the Vaults.
 12139 | D:13     | XOM: enchant monster (bad)
 13368 | D:14     | XOM: noise
 13375 | D:14     | XOM: summons 3 hostile shadow creatures
 13399 | D:14     | XOM: smoke on damage
 13505 | D:14     | Learned a level 4 spell: Petrify
 13524 | D:15     | Entered Level 15 of the Dungeon
 13564 | D:15     | XOM: noise
 13570 | D:15     | XOM: chaos upgrade
 13580 | D:15     | XOM: polymorph centaur warrior -> boulder beetle
 13752 | D:15     | XOM: chaos cloud
 13767 | D:15     | XOM: summons 8 hostile demons
 13801 | D:15     | Noticed a dire elephant
 13801 | D:15     | XOM: 2-stop teleportation journey
 13814 | D:15     | Killed a dire elephant
 13815 | D:15     | Reached XP level 15. HP: 94/128 MP: 14/23
 13973 | D:15     | HP: 5/128 [very large slime creature (35)]
 14038 | D:15     | Found a staircase to the Depths.
 14218 | D:15     | Identified the +11 quarterstaff "Cemyhirch" {vamp, *Noise
                  | ^Fragile rF++ Int+10}
 14234 | D:15     | Found Jeeqolon's Book Emporium.
 14238 | D:15     | Noticed Azrael
 14240 | D:15     | XOM: confusion
 14246 | D:15     | Killed Azrael
 14338 | D:15     | XOM: give mutations
 14338 | D:15     | Lost mutation: You are robust. (+10% HP) [Xom's mischief]
 14338 | D:15     | Lost mutation: Your spells are harder to cast, but more
                  | powerful. [Xom's mischief]
 14338 | D:15     | Lost mutation: You have supernaturally acute eyesight.
                  | (SInv) [Xom's mischief]
 14338 | D:15     | Lost mutation: You heal very quickly. [Xom's mischief]
 14612 | D:11     | XOM: draining
 14644 | Lair:1   | Entered Level 1 of the Lair of Beasts
 14651 | Lair:1   | Identified the +5 plate armour of Negation {SInv}
 14993 | Lair:1   | XOM: stat loss: -1 Str (21/22)
 15090 | Lair:1   | XOM: give mutations
 15090 | Lair:1   | Gained mutation: You occasionally lose the ability to drink
                  | potions when taking damage. [Xom's mischief]
 15090 | Lair:1   | Lost mutation: You expend magic power (3 MP) to strengthen
                  | your wands. [Xom's mischief]
 15145 | Lair:1   | Reached skill level 10 in Armour
 15152 | Lair:1   | XOM: confusion
 15351 | Lair:1   | XOM: confusion
 15595 | Lair:2   | Reached skill level 10 in Dodging
 15619 | Lair:2   | XOM: confusion
 15625 | Lair:2   | XOM: silly message
 15672 | Lair:2   | XOM: blink monster(s)
 15751 | Lair:2   | XOM: confusion (+ monsters)
 15854 | Lair:2   | XOM: polymorph yak -> komodo dragon
 15875 | Lair:2   | Learned a level 3 spell: Teleport Other
 16348 | Lair:2   | Found a staircase to the Snake Pit.
 16349 | Lair:2   | XOM: blink monster(s)
 16496 | Lair:3   | Noticed Rupert
 16500 | Lair:3   | Banished Rupert
 16516 | Lair:3   | Noticed TheSexyCheese's ghost (journeyman GrFE)
 16551 | Lair:3   | Found a runed translucent gate.
 16552 | Lair:3   | Found a runed translucent gate.
 16608 | Lair:3   | XOM: enchant monster (bad)
 16728 | Lair:3   | XOM: summons friendly ufetubus
 16734 | Lair:3   | XOM: potion effect (curing)
 16831 | Lair:3   | XOM: god gift: scroll of enchant armour
 17118 | Lair:3   | Found a staircase to the Swamp.
 17195 | Lair:3   | XOM: stat loss: -1 Str (21/22)
 17200 | Lair:3   | XOM: give mutations
 17200 | Lair:3   | Lost mutation: Your muscles are strong. (Str +4, Int/Dex
                  | -1) [Xom's mischief]
 17200 | Lair:3   | Lost mutation: Your natural rate of healing is unusually
                  | fast. [Xom's mischief]
 17443 | Lair:3   | XOM: give mutation
 17443 | Lair:3   | Lost mutation: You are partially covered in iridescent
                  | scales. (AC +2) [Xom's mischief]
 17481 | Lair:3   | Found a runed translucent gate.
 17594 | Lair:3   | Killed TheSexyCheese's ghost
 17992 | Lair:4   | XOM: give mutation
 17992 | Lair:4   | Gained mutation: Your muscles are strong. (Str +4, Int/Dex
                  | -1) [Xom's grace]
 18032 | Lair:4   | XOM: god gift: wand of warping (5)
 18119 | Lair:4   | Noticed Sonja
 18122 | Lair:4   | Sonja changed into Sonja the glowing shapeshifter
 18122 | Lair:4   | XOM: polymorph Sonja -> Sonja the glowing shapeshifter
 18273 | Lair:4   | Found a viscous altar of Jiyva.
 18274 | Lair:4   | Found a staircase to the Slime Pits.
 18359 | Lair:4   | XOM: potion effect (invisibility)
 18398 | Lair:4   | XOM: summons friendly white imp
 18401 | Lair:4   | Reached XP level 16. HP: 126/126 MP: 25/25
 18557 | Lair:4   | XOM: scenery: create altars
 18726 | Lair:5   | XOM: noise
 18726 | Lair:5   | Entered Level 5 of the Lair of Beasts
 18730 | Lair:5   | XOM: god gift: ring mail {god gift}
 18731 | Lair:5   | XOM: scenery: summon butterflies
 18733 | Lair:5   | XOM: snakes to sticks
 18747 | Lair:5   | XOM: scenery: create altars
 18756 | Lair:5   | XOM: scenery: summon butterflies
 18760 | Lair:5   | XOM: fake destruction
 18766 | Lair:5   | XOM: destruction
 18788 | Lair:5   | XOM: scenery: summon butterflies
 18806 | Lair:5   | XOM: summons friendly quasit
 19001 | Lair:5   | XOM: summons 13 friendly demons
 19203 | Lair:5   | XOM: scenery: 1 doors open
 19205 | Lair:5   | XOM: potion effect (curing)
 19215 | Lair:5   | XOM: summons friendly ice devil
 19219 | Lair:5   | Reached skill level 5 in Translocations
 19308 | Lair:5   | XOM: cloud trail
 19370 | Lair:5   | XOM: divination: detect creatures
 19379 | Lair:5   | XOM: 2-stop teleportation journey
 19776 | Lair:5   | XOM: 4-stop teleportation journey
 19995 | Lair:5   | XOM: noise
 20014 | Lair:5   | XOM: confusion (+ monsters)
 20034 | Lair:5   | XOM: cast spell 'Summon Ice Beast'
 20037 | Lair:5   | XOM: potion effect (curing)
 20114 | Lair:5   | Reached skill level 5 in Necromancy
 20190 | Lair:5   | XOM: divination: magic mapping
 20235 | Lair:5   | XOM: silly message
 20310 | Lair:5   | XOM: potion effect (brilliance)
 20340 | Lair:5   | Identified the +0 robe of Kathenotheism {-Tele rElec rN+++
                  | Will+}
 20591 | Lair:4   | XOM: divination: magic mapping
 20661 | Swamp:1  | Entered Level 1 of the Swamp
 20666 | Swamp:1  | XOM: cast spell 'Olgreb's Toxic Radiance'
 20690 | Swamp:1  | XOM: noise
 20716 | Swamp:1  | XOM: god gift: 5 stones
 21272 | Swamp:1  | Reached XP level 17. HP: 135/135 MP: 27/27
 21388 | Swamp:1  | Identified the +1 short sword of Wynku {drain, Str+3
                  | Stlth+}
 21647 | Swamp:1  | XOM: noise
 21700 | Swamp:1  | XOM: summons 6 friendly demons
 21814 | Swamp:1  | XOM: divination: detect items
 21950 | Swamp:2  | XOM: cast spell 'Summon Ice Beast'
 22298 | Swamp:2  | XOM: fog
 22300 | Swamp:2  | Slain by a fenstrider witch

Illustrated notes

Levels and vault maps discovered:
D:1:      dpeg_arrival_circle_labyrinth_a, layout_basic, serial_forest,
          infiniplex_forest_clump_tiny, infiniplex_forest_end_3,
          infiniplex_forest_corner_1, infiniplex_forest_corner_1,
          infiniplex_forest_corner_1, infiniplex_forest_corner_2,
          infiniplex_forest_straight_3, infiniplex_forest_end_3,
          minmay_tetromino_l2
D:2:      layout_basic, nicolae_ecumenical_pavilion
D:3:      layout_basic, serial_shops, nicolae_shop_bloodbath_and_beyond,
          portal_sewer_entry_e, minmay_bisected, uniq_sigmund
D:4:      layout_gridville, grunt_temple_overflow_diamond
D:5:      layout_cave_pools, serial_gnoll_camp, gnoll_camp_huts_basic,
          gnoll_camp_mini_hut, gnoll_camp_mini_doghouse, gnoll_camp_medium_01,
          gnoll_camp_mini_house, minmay_misc_feat_iff, uniq_duvessa
D:6:      layout_basic, serial_shops, shop, st_stairs_7,
          chequers_serial_rivers_micro_a, minmay_checkerbox
D:7:      layout_basic, minmay_temple_entry_grid, uniq_jeremiah, uniq_maurice
D:8:      layout_rooms, uniq_erica, uniq_amaemon
D:9:      layout_basic, uniq_grum
D:10:     layout_basic, kennysheep_orc_monster_closet_entryway, serial_shops,
          shop_fountains, lightli_elemental_guards
D:11:     layout_stronghold, david_lair_generic, uniq_snorg
D:12:     minmay_the_grid_triangle_9x9_rhombus_thin
          [minmay_the_grid_triangle_9x9_longest,
          minmay_the_grid_triangle_9x9_prize_top_heavy,
          minmay_the_grid_triangle_9x9_fully_insulated_deathbox,
          minmay_the_grid_triangle_9x9_descending_squares], layout_stronghold
D:13:     layout_basic, lightli_vaults_fourway_checkpoint, uniq_josephine,
          uniq_kirke
D:14:     layout_roguey, serial_park_square2, minmay_misc_feat_pillars
D:15:     hangedman_depths_entry_try_elsewhere_first, layout_loops_ring,
          serial_shops, shop, uniq_azrael
Temple:   compressed_dpeg_triangle_lava_temple
Lair:1:   layout_regular_city, st_stairs_10, nicolae_lair_liquid_snakes,
          uniq_joseph
Lair:2:   layout_cave_pods, nicolae_snake_entry_squirm, roderic_carrion_pond,
          serial_bayou_pond_e, fungi_pond_lemuel, serial_bayou_shore_a,
          grunt_megastairs_2, infiniplex_staircase_pool
Lair:3:   layout_cave_pods, nicolae_swamp_entry_splash_gauntlet,
          gammafunk_ghost_split, st_stairs_12, hellmonk_talismancer, uniq_rupert
Lair:4:   layout_hall_layers, nicolae_slime_entry_slimehenge, uniq_sonja
Lair:5:   due_jungle_book, layout_regular_city
Swamp:1:  nicolae_swamp_wrong_neighborhood, layout_falls_marsh,
          nicolae_swamp_reclaimed_castle
Swamp:2:  nicolae_swamp_secret_spriggan_hideout, layout_basic_swamp,
          hangedman_swamp_ruin_wall

Skill      XL: |  1  2  3  4  5  6  7  8  9 10 11 12 13 14 15 16 |
---------------+-------------------------------------------------+-----
Dodging        | 1 2 5 6 7 8 9 10 11 | 11.4
Armour         | 2 5 6 7 8 9 10 11 | 11.4
Polearms       | 1 3 4 5 6 7 |  7.9
Stealth        | 1 3 4 5 6 7 |  7.8
Fighting       | 6 7 8 9 10 11 12 | 12.6
Axes           | 6 7 8 9 10 11 12 | 12.6
Spellcasting   | 2 3 4 5 6 |  6.8
Evocations     | 2 3 5 6 7 8 |  8.7
Alchemy        | 1 3 4 5 6 7 |  7.3
Translocations | 1 2 3 4 5 |  5.6
Necromancy     | 1 2 3 4 5 |  5.4

Action                     |  1- 3 |  4- 6 |  7- 9 | 10-12 | 13-15 | 16-18 || total
---------------------------+-------+-------+-------+-------+-------+-------++-------
  Melee: Hand axe          |    54 |    53 |   299 |   343 |   473 |   282 ||  1504
         Dagger            |    51 |    28 |       |       |       |       ||    79
         Short sword       |       |    19 |   261 |       |       |       ||   280
         Spear             |       |       |    43 |   508 |   619 |   430 ||  1600
Ability: Invent Gizmo      |       |       |       |       |     1 |       ||     1
  Evoke: Wand              |       |       |       |    17 |    17 |    26 ||    60
         Condenser vane    |       |       |       |       |     3 |     2 ||     5
    Use: Potion            |       |     1 |    13 |     8 |     7 |     7 ||    36
         Scroll            |       |     3 |     7 |    19 |    10 |    15 ||    54
   Stab: Paralysed         |     1 |       |     8 |     3 |     2 |     4 ||    18
         Sleeping          |     1 |       |       |     2 |     1 |       ||     4
         Distracted        |     1 |       |     3 |     2 |       |     3 ||     9
         Invisible         |       |     5 |     1 |       |     2 |     8 ||    16
         Confused          |       |     1 |     6 |    11 |     9 |     8 ||    35
         Petrified         |       |       |     6 |       |     2 |    16 ||    24
         Held in net/web   |       |       |     1 |       |       |       ||     1
         Petrifying        |       |       |       |     4 |       |     1 ||     5
 Armour: Leather armour    |    43 |       |       |       |       |       ||    43
         Chain mail        |     5 |    70 |   330 |       |       |       ||   405
         Scale mail        |       |       |    24 |   344 |   216 |       ||   584
         Plate armour      |       |       |       |       |   258 |   331 ||   589
  Dodge: Dodged            |    26 |    40 |   179 |   263 |   239 |   126 ||   873

Table legend: (Time is in decaauts)
 A = Elapsed time spent in this place.
 B = Non-inter-level travel time spent in this place.
 C = Inter-level travel time spent in this place.
 D = Time resting spent in this place.
 E = Time spent auto-exploring this place.
 F = Levels seen in this place.
 G = Mean time per level.
                   A        B        C        D        E       F      G
               +--------+--------+--------+--------+--------+-----+--------+
         Total |  22098 |  20823 |   1275 |   1216 |  15313 |  24 |  920.8 |
       Dungeon |  13491 |  12491 |   1000 |    378 |   9513 |  15 |  899.4 |
        Temple |      1 |      1 |      0 |      0 |      0 |   1 |    1.0 |
          Lair |   5785 |   5521 |    264 |    199 |   4240 |   5 | 1157.0 |
         Swamp |   1620 |   1611 |      9 |    410 |    943 |   2 |  810.0 |
         Sewer |   1199 |   1199 |      0 |    229 |    616 |   1 | 1199.0 |
               +--------+--------+--------+--------+--------+-----+--------+

Top non-repeatable levels by time:
  Lair:5: 1719 daAuts
  Lair:3: 1271 daAuts
 Swamp:1: 1262 daAuts
   Sewer: 1199 daAuts
    D:13: 1199 daAuts
     D:1: 1170 daAuts
    D:12: 1136 daAuts
     D:6: 1126 daAuts
    D:10: 1047 daAuts
     D:5: 1029 daAuts
  Lair:4: 986 daAuts
  Lair:2: 984 daAuts
    D:15: 955 daAuts
    D:11: 917 daAuts
     D:2: 848 daAuts
